[Event "January 9 Early 2024"]
[Site "https://www.chess.com"]
[Date "2024.01.11"]
[Round "8"]
[White "Kantans, Toms"]
[Black "Pichot, Alan"]
[Result "0-1"]
[Board "53"]
[TimeControl "180+1"]
[WhiteFideId "11602945"]
[BlackFideId "110973"]
[WhiteElo "2647"]
[BlackElo "2839"]
[WhiteTeam "LAT"]
[BlackTeam "ESP"]
[WhiteClock "0:00:05"]
[BlackClock "0:01:01"]

1. e4 c5 2. Nf3 e6 3. d4 cxd4 4. Nxd4 Nc6 5. Nc3 Qc7 6. Be3 a6 7. Qf3 Ne5 8. Qg3 h5 9. f4 h4 10. Qh3 Nc4 11. Bxc4 Qxc4 12. O-O-O b5 13. Kb1 Bb7 14. Rhe1 Rc8 15. g4 Bb4 16. Bc1 Nf6 17. e5 Bxc3 18. Qxc3 Qxc3 19. bxc3 Ne4 20. Ne2 Nf2 21. Rd4 Nxg4 22. h3 Nf2 23. f5 Nxh3 24. Rf1 Bg2 25. Rfd1 Nf2 26. Rg1 h3 27. Bf4 exf5 28. Bh2 Ng4 29. Bg3 h2 30. Bxh2 Rxh2 31. Nf4 Bc6 0-1

[Event "January 9 Early 2024"]
[Site "https://www.chess.com"]
[Date "2024.01.11"]
[Round "8"]
[White "Khegay, Yuliya"]
[Black "Kolmagorov, Alexey"]
[Result "0-1"]
[Board "54"]
[TimeControl "180+1"]
[WhiteFideId "14205394"]
[BlackFideId "34129402"]
[WhiteElo "2210"]
[BlackElo "2381"]
[WhiteTeam "UZB"]
[BlackTeam "RUS"]
[WhiteClock "0:00:02"]
[BlackClock "0:01:13"]

1. d4 Nf6 2. Nf3 d5 3. c4 e6 4. Nc3 a6 5. cxd5 exd5 6. Bg5 Be6 7. e3 Nbd7 8. Bd3 Bd6 9. O-O c6 10. Rb1 Qc7 11. h3 h6 12. Bxf6 Nxf6 13. b4 g5 14. e4 dxe4 15. Nxe4 Nxe4 16. Bxe4 f5 17. Bc2 O-O-O 18. Re1 Bd7 19. d5 Rhf8 20. Nd4 g4 21. Ne6 Bxe6 22. Rxe6 gxh3 23. Qh5 Bh2+ 24. Kh1 Rxd5 25. Qxh3 Bd6 26. Rd1 Rxd1+ 27. Bxd1 Qd7 28. Rxh6 Bxb4 29. Bc2 Bc3 30. Rh7 Qd2 31. Qd3 Qc1+ 32. Kh2 Qf4+ 33. Kh1 Bd4 34. g3 Qxf2 35. Rh4 Qg1# 0-1

[Event "January 9 Early 2024"]
[Site "https://www.chess.com"]
[Date "2024.01.11"]
[Round "8"]
[White "Kostiukov, Alexandr"]
[Black "Filgueira, Hernan"]
[Result "0-1"]
[Board "55"]
[TimeControl "180+1"]
[WhiteFideId "14108100"]
[BlackFideId "101770"]
[WhiteElo "2293"]
[BlackElo "2553"]
[WhiteTeam "UKR"]
[BlackTeam "ARG"]
[WhiteClock "0:00:01"]
[BlackClock "0:01:09"]

1. g3 d5 2. Bg2 c6 3. d3 Nf6 4. e4 dxe4 5. dxe4 Qxd1+ 6. Kxd1 e5 7. f3 Bc5 8. Nd2 Be6 9. Bh3 Bxh3 10. Nxh3 Nbd7 11. Nb3 Bb6 12. a4 a6 13. Ke2 h6 14. Be3 Bxe3 15. Kxe3 a5 16. Nf2 Ke7 17. Nd3 b6 18. Nd2 Ne8 19. Nc4 f6 20. f4 Nd6 21. Nxd6 Kxd6 22. Rad1 Kc7 23. b3 Rhe8 24. f5 b5 25. h4 bxa4 26. bxa4 Rab8 27. g4 Nb6 28. Nc5 Nc4+ 29. Ke2 Rb2 30. Kd3 Nb6 31. Ne6+ Kb7 32. Rb1 Nxa4 33. Rxb2+ Nxb2+ 34. Kc3 Na4+ 0-1

[Event "January 9 Early 2024"]
[Site "https://www.chess.com"]
[Date "2024.01.11"]
[Round "8"]
[White "Piesik, Piotr"]
[Black "Manukian, Artak"]
[Result "1/2-1/2"]
[Board "56"]
[TimeControl "180+1"]
[WhiteFideId "1136194"]
[BlackFideId "13301373"]
[WhiteElo "2665"]
[BlackElo "2513"]
[WhiteTeam "CZE"]
[BlackTeam "ARM"]
[WhiteClock "0:01:07"]
[BlackClock "0:01:05"]

1. Nf3 g6 2. g3 Bg7 3. d4 Nf6 4. Bg2 d5 5. O-O O-O 6. c4 c6 7. Nc3 Bf5 8. cxd5 cxd5 9. Qb3 Qb6 10. Nxd5 Nxd5 11. Qxd5 Nc6 12. e3 Rad8 13. Qb3 Qxb3 14. axb3 e5 15. dxe5 Bc2 16. b4 Nxb4 17. Rxa7 Be4 18. Ra4 Bxf3 19. Bxf3 Nd3 20. e6 fxe6 21. Bxb7 Nxc1 22. Rxc1 Rb8 23. Rc7 Rf7 24. Rxf7 Kxf7 25. Rb4 Bf8 26. Rb5 Kf6 27. Kg2 Bd6 28. f4 Ke7 29. Kf3 Kd8 30. Bc6 Rxb5 31. Bxb5 e5 32. Ke4 exf4 33. gxf4 Ke7 34. Kd5 Bb4 35. h3 Bd2 36. Ke4 Bc1 37. b3 Bd2 38. Bc4 h5 39. Bd3 Kf6 40. Kd4 h4 41. Be2 g5 42. fxg5+ Kxg5 43. e4 Kf6 44. Kd5 Ke7 45. e5 Bf4 46. e6 Bd6 47. Bg4 Ba3 48. Kc6 Bb4 49. Kb5 Be1 50. b4 Kd6 51. Kc4 Bf2 52. b5 Bb6 53. Bf5 Bd8 54. Kd3 Kc5 55. Ke4 Kxb5 56. Kd5 Be7 57. Bd3+ Kb6 58. Ke5 Kc7 59. Kf5 Kd6 60. Be4 Bd8 61. Kg6 Be7 1/2-1/2

[Event "January 9 Early 2024"]
[Site "https://www.chess.com"]
[Date "2024.01.11"]
[Round "8"]
[White "Bournel, Antoine"]
[Black "Llari, Marc"]
[Result "1-0"]
[Board "57"]
[TimeControl "180+1"]
[WhiteFideId "26093553"]
[BlackFideId "651044269"]
[WhiteElo "2554"]
[BlackElo "2334"]
[WhiteTeam "FRA"]
[BlackTeam "FRA"]
[WhiteClock "0:00:09"]
[BlackClock "0:01:12"]

1. d4 f5 2. Nf3 Nf6 3. Bf4 g6 4. h4 Bg7 5. Nc3 d6 6. e3 O-O 7. Bc4+ e6 8. Ng5 d5 9. Bd3 h6 10. Nf3 Nbd7 11. Nb5 Ne8 12. c4 c6 13. Nc3 a6 14. Qc2 Ndf6 15. Ne5 Kh7 16. g4 Nd6 17. c5 Nde4 18. f3 Nxc3 19. bxc3 Nd7 20. gxf5 exf5 21. h5 Nxe5 22. Bxe5 Bxe5 23. hxg6+ Kxg6 24. dxe5 Be6 25. O-O-O Kh7 26. Qh2 Qg5 27. f4 Qg6 28. Rdg1 Rg8 29. Rxg6 Rxg6 30. Qh5 Rf8 31. Qh3 Rf7 32. Rh2 Rfg7 33. Bxf5 Bxf5 34. Qxf5 Kg8 35. Qc8+ Kh7 36. Qf5 Kg8 37. e6 Rg1+ 38. Kb2 R1g6 39. e7 1-0

[Event "January 9 Early 2024"]
[Site "https://www.chess.com"]
[Date "2024.01.11"]
[Round "8"]
[White "Martinez Alcantara, Jose Eduardo"]
[Black "Arabidze, Meri"]
[Result "1-0"]
[Board "58"]
[TimeControl "180+1"]
[WhiteFideId "3805662"]
[BlackFideId "13604040"]
[WhiteElo "3019"]
[BlackElo "2720"]
[WhiteTeam "PER"]
[BlackTeam "GEO"]
[WhiteClock "0:01:43"]
[BlackClock "0:00:01"]

1. a3 e5 2. h3 Nc6 3. b3 g6 4. e3 Bg7 5. Bb2 Nf6 6. d3 O-O 7. Nd2 d6 8. g3 a5 9. Bg2 Be6 10. Ne2 Qd7 11. c4 h6 12. Qc2 Rfe8 13. Ne4 Nxe4 14. dxe4 a4 15. b4 Ne7 16. h4 h5 17. O-O Kh7 18. Qd3 Ng8 19. Nc3 c6 20. Rfd1 Red8 21. Rac1 Nh6 22. Bf1 Bh3 23. Be2 Bg4 24. Qc2 Bxe2 25. Qxe2 Qh3 26. Qf1 Qg4 27. Qg2 Bf6 28. Rd2 g5 29. f3 Qe6 30. hxg5 Bxg5 31. Kf2 f5 32. Rh1 Qg6 33. Qh3 f4 34. gxf4 exf4 35. exf4 Bxf4 36. Rdd1 Rf8 37. Ne2 Be5 38. Bxe5 Ng4+ 39. Ke1 Nxe5 40. f4 Nxc4 41. Rd3 Rg8 42. Rg3 Qh6 43. Qf5+ Rg6 44. Rxh5 Rg8 45. Rxh6+ Kxh6 46. Rh3+ Kg7 47. Qd7+ Kf8 48. Rh7 R8g7 49. Rh8+ 1-0

[Event "January 9 Early 2024"]
[Site "https://www.chess.com"]
[Date "2024.01.11"]
[Round "8"]
[White "Trost, Edvin"]
[Black "Ghosh, Chanchal Kumer"]
[Result "1-0"]
[Board "59"]
[TimeControl "180+1"]
[WhiteFideId "1729519"]
[BlackFideId "10201858"]
[WhiteElo "2626"]
[BlackElo "2094"]
[WhiteTeam "SWE"]
[BlackTeam "BAN"]
[WhiteClock "0:01:43"]
[BlackClock "0:00:01"]

1. d4 d5 2. c4 e6 3. Nf3 Nf6 4. Nc3 b6 5. cxd5 exd5 6. Bg5 Bb7 7. e3 Be7 8. Bd3 O-O 9. Qc2 h6 10. Bxf6 Bxf6 11. O-O-O Nd7 12. g4 Qe7 13. h4 g6 14. g5 Bg7 15. h5 hxg5 16. Rdg1 f6 17. hxg6 Rfc8 18. Rh5 c5 19. Rgh1 Nf8 20. Qd1 a6 21. Qg1 cxd4 22. Nxd4 Rxc3+ 23. bxc3 Qa3+ 24. Kb1 Qxc3 25. Bc2 Qb4+ 26. Bb3 Nxg6 27. Qg2 Rc8 28. Rh7 Rc7 29. Qh3 Qe7 30. Rxg7+ Qxg7 31. Ne6 Qd7 32. Nxc7 Qxc7 33. Qe6+ Qf7 34. Qxf7+ Kxf7 35. Rc1 Ne7 36. Rc7 Ba8 37. Ra7 Bc6 38. Rxa6 Ke6 39. Rxb6 Kd6 40. Rb4 Nf5 41. Bc2 Nh4 42. Kc1 f5 43. a4 Kc5 44. Rb8 Nf3 45. a5 Ne5 46. a6 Nc4 47. a7 1-0

[Event "January 9 Early 2024"]
[Site "https://www.chess.com"]
[Date "2024.01.11"]
[Round "8"]
[White "Baziuk, Vladyslav"]
[Black "Kopczynski, Michal"]
[Result "0-1"]
[Board "60"]
[TimeControl "180+1"]
[WhiteFideId "34107940"]
[BlackFideId "1124200"]
[WhiteElo "2673"]
[BlackElo "2535"]
[WhiteTeam "UKR"]
[BlackTeam "POL"]
[WhiteClock "0:00:17"]
[BlackClock "0:00:37"]

1. e4 b6 2. d4 Bb7 3. Bd3 e6 4. Qe2 Nf6 5. Nf3 d5 6. e5 Nfd7 7. O-O c5 8. c3 Nc6 9. Bg5 Qc7 10. Nbd2 h6 11. Bh4 g5 12. Bg3 O-O-O 13. Rfc1 c4 14. Bc2 Be7 15. b3 Na5 16. bxc4 dxc4 17. Be4 h5 18. h4 gxh4 19. Bxh4 Bxh4 20. Nxh4 Rdg8 21. g3 Rg4 22. Bf3 Bxf3 23. Qxf3 Rhg8 24. Kh2 f6 25. Kh1 fxe5 26. Qf7 exd4 27. Qxe6 d3 28. Ndf3 Qc6 29. Kh2 Qxe6 0-1

[Event "January 9 Early 2024"]
[Site "https://www.chess.com"]
[Date "2024.01.11"]
[Round "8"]
[White "Pein, Jonathan"]
[Black "Samarth J Rao"]
[Result "0-1"]
[Board "61"]
[TimeControl "180+1"]
[WhiteFideId "417092"]
[BlackFideId "46652370"]
[WhiteElo "2318"]
[BlackElo "1910"]
[WhiteTeam "ENG"]
[BlackTeam "IND"]
[WhiteClock "0:00:33"]
[BlackClock "0:00:43"]

1. b3 Nf6 2. Bb2 e6 3. e3 Be7 4. f4 O-O 5. Nf3 c5 6. Be2 b6 7. O-O Ba6 8. d3 d6 9. Qe1 Nfd7 10. Nbd2 Bf6 11. Bxf6 Qxf6 12. Ne4 Qe7 13. Qg3 Nc6 14. Qh3 f5 15. Nf2 Nb4 16. Bd1 Nd5 17. Nd2 Rae8 18. a3 e5 19. c4 Nc7 20. Bc2 exf4 21. exf4 Qe3 22. Qxe3 Rxe3 23. Rae1 Rfe8 24. Rxe3 Rxe3 25. Nd1 Re2 26. Rf2 Re1+ 27. Nf1 Ne6 28. Ne3 Nd4 29. g3 Bb7 30. Bd1 Nf6 31. h3 g6 32. Nc2 Rxd1 33. Ne3 Re1 34. g4 0-1

[Event "January 9 Early 2024"]
[Site "https://www.chess.com"]
[Date "2024.01.11"]
[Round "8"]
[White "Aukhatov, Roman"]
[Black "Nigalidze, Gaioz"]
[Result "0-1"]
[Board "62"]
[TimeControl "180+1"]
[WhiteFideId "44150768"]
[BlackFideId "13603078"]
[WhiteElo "2428"]
[BlackElo "2653"]
[WhiteTeam "RUS"]
[BlackTeam "GEO"]
[WhiteClock "0:00:16"]
[BlackClock "0:00:51"]

1. Nf3 Nf6 2. c4 g6 3. Nc3 Bg7 4. e4 d6 5. d4 Bg4 6. Be2 Bxf3 7. Bxf3 e5 8. dxe5 dxe5 9. Qxd8+ Kxd8 10. Bg5 c6 11. O-O-O+ Kc7 12. c5 Nbd7 13. b4 a5 14. a3 axb4 15. axb4 b6 16. Be3 bxc5 17. bxc5 Bf8 18. Kc2 Bxc5 19. Ra1 Rhb8 20. Rxa8 Rxa8 21. Rb1 h5 22. h3 Rb8 23. Rxb8 Kxb8 24. Be2 Bd4 25. Bc4 Bxc3 26. Kxc3 Nxe4+ 27. Kc2 Nd6 28. Ba2 Kc7 29. Bc1 c5 30. Ba3 Kc6 31. Kd3 Nf6 32. Bb2 Nd5 33. g3 Nb4+ 0-1

[Event "January 9 Early 2024"]
[Site "https://www.chess.com"]
[Date "2024.01.11"]
[Round "8"]
[White "Topalov, Aleksandar"]
[Black "Yonal, Timur"]
[Result "1-0"]
[Board "63"]
[TimeControl "180+1"]
[WhiteFideId "925659"]
[BlackFideId "44115725"]
[WhiteElo "2427"]
[BlackElo "2259"]
[WhiteTeam "SRB"]
[BlackTeam "TUR"]
[WhiteClock "0:00:57"]
[BlackClock "0:00:05"]

1. b3 d5 2. Bb2 c5 3. e3 Nc6 4. Bb5 Nf6 5. f4 e6 6. Nf3 Be7 7. Bxc6+ bxc6 8. Ne5 Qc7 9. O-O O-O 10. d3 Ne8 11. Nd2 f6 12. Nef3 Nd6 13. Qe2 Nf7 14. e4 Bd7 15. e5 f5 16. c4 d4 17. Rf2 Nh6 18. h3 Be8 19. Qf1 Bh5 20. g3 Kh8 21. Kh1 Rg8 22. Bc1 Nf7 23. Nh2 g5 24. g4 Bg6 25. Ndf3 Raf8 26. fxg5 Nxe5 27. Bf4 Bd6 28. Re1 Nxf3 29. Rxf3 fxg4 30. Bxd6 Qxd6 31. Nxg4 Bf5 32. Nh6 Rxg5 33. Re4 1-0

[Event "January 9 Early 2024"]
[Site "https://www.chess.com"]
[Date "2024.01.11"]
[Round "8"]
[White "Osinovsky, Stepan"]
[Black "Ljukin, Sergei"]
[Result "1-0"]
[Board "64"]
[TimeControl "180+1"]
[WhiteFideId "4157354"]
[BlackFideId "14102200"]
[WhiteElo "2423"]
[BlackElo "2516"]
[WhiteTeam "RUS"]
[BlackTeam "UKR"]
[WhiteClock "0:00:32"]
[BlackClock "0:00:02"]

1. e4 e6 2. d3 d5 3. Nd2 Nf6 4. Ngf3 Be7 5. g3 O-O 6. Bg2 c5 7. O-O Nc6 8. Re1 Qc7 9. Qe2 b5 10. Nb3 a5 11. a4 Ba6 12. exd5 exd5 13. axb5 Bxb5 14. c4 dxc4 15. dxc4 Ba6 16. Bf4 Qb6 17. Nxa5 Nxa5 18. Qxe7 Nxc4 19. b3 Qxb3 20. Reb1 Qd3 21. Ne1 Qf5 22. Bxa8 Rxa8 23. Rxa6 Re8 24. Rb8 1-0

[Event "January 9 Early 2024"]
[Site "https://www.chess.com"]
[Date "2024.01.11"]
[Round "8"]
[White "Przybylski, Wojciech"]
[Black "Diaz, Fernando"]
[Result "1-0"]
[Board "65"]
[TimeControl "180+1"]
[WhiteFideId "1117599"]
[BlackFideId "3701255"]
[WhiteElo "2552"]
[BlackElo "2303"]
[WhiteTeam "POL"]
[BlackTeam "PAR"]
[WhiteClock "0:01:26"]
[BlackClock "0:00:06"]

1. e4 e6 2. d4 d5 3. Nc3 Bb4 4. e5 c5 5. a3 Bxc3+ 6. bxc3 Ne7 7. h4 Qa5 8. Bd2 Qa4 9. Rb1 c4 10. Rb4 Qa5 11. h5 h6 12. Qg4 Nf5 13. Rh3 Nc6 14. Rb1 Qa4 15. Rc1 Qxa3 16. Rf3 Nce7 17. Ne2 Bd7 18. Ng3 a5 19. Nxf5 Nxf5 20. Rxf5 exf5 21. Qxg7 O-O-O 22. Qxf7 Bc6 23. Qxf5+ Kb8 24. e6 Rde8 25. Qe5+ Ka8 26. f4 Qe7 27. f5 Qh4+ 28. g3 Qxh5 29. Ra1 a4 30. Bf4 Rhf8 31. Qc7 Bb5 32. Rxa4+ Ba6 33. Rxa6+ bxa6 34. Qc6+ Ka7 35. Qc7+ Ka8 36. Qc6+ Ka7 37. Bc7 Rb8 38. Qc5+ Ka8 39. Qxd5+ Rb7 40. Bg2 Rb8 1-0

[Event "January 9 Early 2024"]
[Site "https://www.chess.com"]
[Date "2024.01.11"]
[Round "8"]
[White "Chemin, Justo Reinaldo"]
[Black "Bogaudinov, Rushan"]
[Result "1-0"]
[Board "66"]
[TimeControl "180+1"]
[WhiteFideId "2101580"]
[BlackFideId "4129288"]
[WhiteElo "2251"]
[BlackElo "2375"]
[WhiteTeam "BRA"]
[BlackTeam "RUS"]
[WhiteClock "0:00:45"]
[BlackClock "0:00:11"]

1. d4 d5 2. Bf4 Nf6 3. e3 c6 4. Nd2 g6 5. Ngf3 Bg7 6. h3 O-O 7. Bd3 Nbd7 8. c4 dxc4 9. Nxc4 Nb6 10. O-O Nbd5 11. Bh2 Be6 12. Nce5 c5 13. dxc5 Rc8 14. c6 bxc6 15. Ba6 Rb8 16. Nxc6 Qb6 17. Nxb8 Rxb8 18. Bxb8 Qxb8 19. b3 Ne4 20. Nd4 Ndc3 21. Qd3 Bxd4 22. Qxd4 Qc7 23. Bd3 Qa5 24. Rac1 Bf5 25. f3 Ng3 26. Qxc3 Qxa2 27. Rc2 Qa3 28. Bxf5 Nxf5 29. e4 Ng3 30. Rd1 Qa6 31. Qc8+ Kg7 1-0

[Event "January 9 Early 2024"]
[Site "https://www.chess.com"]
[Date "2024.01.11"]
[Round "8"]
[White "Marchesich, Giovanni"]
[Black "Matko, Ognjen"]
[Result "1-0"]
[Board "67"]
[TimeControl "180+1"]
[WhiteFideId "2824790"]
[BlackFideId "14509717"]
[WhiteElo "2393"]
[BlackElo "2499"]
[WhiteTeam "ITA"]
[BlackTeam "CRO"]
[WhiteClock "0:01:21"]
[BlackClock "0:00:01"]

1. d4 d5 2. Nc3 e6 3. Bf4 a6 4. e3 Bd6 5. Bd3 c5 6. Qf3 cxd4 7. exd4 Nc6 8. Nge2 Bxf4 9. Qxf4 Qf6 10. O-O-O Qxf4+ 11. Nxf4 Nf6 12. Rhe1 O-O 13. Nce2 b5 14. f3 Bb7 15. c3 Rfc8 16. a3 Na5 17. Kb1 Nc4 18. Bxc4 dxc4 19. Ng3 g6 20. Ne4 Bxe4+ 21. fxe4 Rd8 22. h3 Ra7 23. e5 Nd5 24. Nxd5 Rxd5 25. Rf1 a5 26. Kc2 Rad7 27. Rb1 Kg7 28. b3 cxb3+ 29. Rxb3 Rc7 30. Kd3 Rcd7 31. Ke4 Rc7 32. Kd3 Rcd7 33. Re1 h5 34. Re2 g5 35. Ke4 Rc7 36. Kd3 Kg6 37. Reb2 b4 38. axb4 a4 39. Ra3 f6 40. exf6 e5 41. Rxa4 exd4 42. cxd4 Rcd7 43. b5 Kxf6 44. b6 Rb7 45. Rc4 Rd6 46. Rcb4 Ke6 47. Ke4 1-0

[Event "January 9 Early 2024"]
[Site "https://www.chess.com"]
[Date "2024.01.11"]
[Round "8"]
[White "Guzman Lozano, Campo Elias"]
[Black "Mirza, Diana"]
[Result "1-0"]
[Board "68"]
[TimeControl "180+1"]
[WhiteFideId "4403746"]
[BlackFideId "2503999"]
[WhiteElo "2166"]
[BlackElo "2007"]
[WhiteTeam "COL"]
[BlackTeam "IRL"]
[WhiteClock "0:00:52"]
[BlackClock "0:00:10"]

1. e4 c5 2. c3 Nf6 3. Bd3 Nc6 4. Nf3 d6 5. h3 g6 6. O-O Bg7 7. Re1 O-O 8. Bf1 a6 9. d4 cxd4 10. cxd4 b5 11. Nc3 Bb7 12. d5 Ne5 13. Nxe5 dxe5 14. Be3 Rc8 15. Bd3 Nd7 16. Rc1 f5 17. f3 Nc5 18. Bb1 f4 19. Bf2 g5 20. b4 Nd7 21. a4 bxa4 22. Qxa4 Nf6 23. Ba2 Kh8 24. b5 axb5 25. Nxb5 h5 26. Qa7 Qd7 27. Qb6 g4 28. hxg4 hxg4 29. Bh4 gxf3 30. Qe6 Qxb5 31. Bxf6 Bxf6 32. gxf3 Rxc1 33. Qh3+ Kg8 34. d6+ Kg7 35. Rxc1 Qb6+ 36. Kh2 Rh8 37. Rg1+ Kf8 38. Qxh8+ Bxh8 39. Rg8# 1-0

[Event "January 9 Early 2024"]
[Site "https://www.chess.com"]
[Date "2024.01.11"]
[Round "8"]
[White "Bacrot, Etienne"]
[Black "Iskusnyh, Sergei"]
[Result "1-0"]
[Board "69"]
[TimeControl "180+1"]
[WhiteFideId "605506"]
[BlackFideId "4120027"]
[WhiteElo "2844"]
[BlackElo "2681"]
[WhiteTeam "FRA"]
[BlackTeam "RUS"]
[WhiteClock "0:00:48"]
[BlackClock "0:00:05"]

1. e4 e6 2. Nf3 d5 3. exd5 exd5 4. d4 Nf6 5. Bd3 c5 6. c3 Nc6 7. O-O Be7 8. dxc5 Bxc5 9. Re1+ Be6 10. Be3 Bxe3 11. Rxe3 O-O 12. Na3 Qb6 13. Qb3 Qxb3 14. axb3 d4 15. cxd4 Bxb3 16. Bxh7+ Kxh7 17. Rxb3 b6 18. Nb5 Rfd8 19. Rc3 Na5 20. b4 Nd5 21. bxa5 Nxc3 22. Nxc3 Rac8 23. Ne4 bxa5 24. h3 f6 25. Rxa5 Rc1+ 26. Kh2 Rd7 27. Nc5 Re7 28. Ra2 Rd1 29. Kg3 Kg6 30. Na6 Kf7 31. Nb4 Rb7 32. Nc6 g5 33. Nd8+ 1-0

[Event "January 9 Early 2024"]
[Site "https://www.chess.com"]
[Date "2024.01.11"]
[Round "8"]
[White "Volkov, Maksim"]
[Black "Perossa, Nicolas"]
[Result "1-0"]
[Board "70"]
[TimeControl "180+1"]
[WhiteFideId "54123070"]
[BlackFideId "2850520"]
[WhiteElo "2662"]
[BlackElo "2458"]
[WhiteTeam "RUS"]
[BlackTeam "ITA"]
[WhiteClock "0:01:11"]
[BlackClock "0:00:02"]

1. e4 d6 2. f4 c5 3. Nf3 Nc6 4. Nc3 Bg4 5. Bc4 e6 6. O-O Nd4 7. d3 Ne7 8. Be3 Nec6 9. Qd2 h5 10. Bxd4 cxd4 11. Ne2 Bxf3 12. Rxf3 h4 13. Raf1 Be7 14. f5 Bg5 15. Qe1 e5 16. f6 gxf6 17. c3 Qb6 18. Kh1 Qxb2 19. Bd5 dxc3 20. Nxc3 Bd2 21. Qd1 Qxc3 22. Rxf6 O-O-O 23. Rxf7 Bf4 24. Qa4 Qa5 25. Bxc6 Qxa4 26. Bxa4 Kb8 27. Rb1 b6 28. Bc6 Rhf8 29. Rb7+ Kc8 30. Rxa7 Be3 31. Bd5 Bc5 32. Rc1 Kb8 33. Rb7+ Kc8 34. Rxb6 Kd7 35. Rb7+ Kc8 36. h3 Rfe8 37. a4 Rd7 38. Rb5 Rc7 39. a5 Kd7 40. a6 Rec8 41. Bb7 Ba7 42. Bxc8+ Kxc8 43. Rb7 Rc4 44. Rxc4+ 1-0

[Event "January 9 Early 2024"]
[Site "https://www.chess.com"]
[Date "2024.01.11"]
[Round "8"]
[White "Golubovic, Erik"]
[Black "Rogov, Matfey"]
[Result "0-1"]
[Board "71"]
[TimeControl "180+1"]
[WhiteFideId "14586908"]
[BlackFideId "44191308"]
[WhiteElo "2277"]
[BlackElo "2549"]
[WhiteTeam "CRO"]
[BlackTeam "RUS"]
[WhiteClock "0:00:17"]
[BlackClock "0:00:16"]

1. d4 e6 2. c4 Nf6 3. Nf3 c5 4. d5 b5 5. dxe6 fxe6 6. cxb5 d5 7. e3 Bd6 8. Be2 O-O 9. O-O e5 10. e4 Bb7 11. exd5 e4 12. Ng5 Nxd5 13. Ne6 Bxh2+ 14. Kxh2 Qd6+ 15. Nf4 g5 16. Nc3 gxf4 17. Nxe4 Qg6 18. Bf3 Nd7 19. Nxc5 Nxc5 20. Bxd5+ Bxd5 21. Qxd5+ Ne6 22. Re1 Rae8 23. Bd2 f3 24. gxf3 Rf5 25. Rxe6 Rh5+ 26. Qxh5 Qxh5+ 0-1

[Event "January 9 Early 2024"]
[Site "https://www.chess.com"]
[Date "2024.01.11"]
[Round "8"]
[White "Kjartansson, David"]
[Black "Sielecki, Christof"]
[Result "1/2-1/2"]
[Board "72"]
[TimeControl "180+1"]
[WhiteFideId "2301130"]
[BlackFideId "4620437"]
[WhiteElo "2432"]
[BlackElo "2557"]
[WhiteTeam "ISL"]
[BlackTeam "GER"]
[WhiteClock "0:00:11"]
[BlackClock "0:01:03"]

1. e4 c5 2. Nc3 a6 3. g3 b5 4. d3 Bb7 5. Bg2 e6 6. Nh3 Be7 7. O-O d6 8. f4 Nc6 9. Ne2 h5 10. c3 Nf6 11. Nf2 d5 12. e5 Nd7 13. d4 g6 14. Be3 a5 15. a3 c4 16. h4 Nb6 17. Qd2 Kd7 18. Nh3 Kc7 19. Ng5 Rf8 20. Bh3 Bxg5 21. fxg5 Ne7 22. Rf6 Nd7 23. Nf4 Nxf6 24. exf6 Nf5 25. Bxf5 exf5 26. Ng2 Re8 27. Bf4+ Kb6 28. Be5 Qd7 29. Re1 Bc6 30. Nf4 Qb7 31. Bd6 Rxe1+ 32. Qxe1 Re8 33. Be7 Qc7 34. Kf2 Kb7 35. Qe3 Qd7 36. Qe5 Qc7 37. Ke3 Qd7 38. Kd2 Kc8 39. Qe3 Kb7 40. Qe5 Qc7 41. Ke3 Kc8 42. Kd2 Kd7 43. Ke3 Kc8 44. Kd2 Kb7 45. Ke3 1/2-1/2

[Event "January 9 Early 2024"]
[Site "https://www.chess.com"]
[Date "2024.01.11"]
[Round "8"]
[White "Chernomordik, Pavel"]
[Black "Mekhitarian, Krikor Sevag"]
[Result "1/2-1/2"]
[Board "73"]
[TimeControl "180+1"]
[WhiteFideId "2804530"]
[BlackFideId "2107660"]
[WhiteElo "2452"]
[BlackElo "2726"]
[WhiteTeam "ISR"]
[BlackTeam "BRA"]
[WhiteClock "0:01:12"]
[BlackClock "0:00:05"]

1. e4 e6 2. Nc3 d5 3. d4 Nf6 4. Bg5 dxe4 5. Nxe4 Be7 6. Bxf6 gxf6 7. Nf3 f5 8. Nc3 a6 9. Qe2 b5 10. O-O-O b4 11. Na4 Qd5 12. c4 Qa5 13. Qe5 Qxe5 14. Nxe5 f6 15. Nd3 Nc6 16. d5 exd5 17. cxd5 Ne5 18. f4 Nxd3+ 19. Bxd3 Bd7 20. b3 Kf7 21. Nb2 Bd6 22. g3 h5 23. Nc4 a5 24. Nxd6+ cxd6 25. Kb2 Rac8 26. Rc1 h4 27. Ba6 Rxc1 28. Rxc1 hxg3 29. hxg3 Rh3 30. Rg1 Ke7 31. Bf1 Rh2+ 32. Rg2 Rxg2+ 33. Bxg2 Bb5 34. Kc2 Kd8 35. Kd2 Kc7 36. Bh3 Bd7 37. Ke3 Kb6 38. Kd4 Bc8 39. Bf1 Bd7 40. Bd3 Bc8 41. Bc2 Bd7 42. Bd3 Bc8 43. Bc2 Bd7 44. Bd3 1/2-1/2

[Event "January 9 Early 2024"]
[Site "https://www.chess.com"]
[Date "2024.01.11"]
[Round "8"]
[White "Fernandez Siles, Luis"]
[Black "Pesotskiy, Mikhail"]
[Result "0-1"]
[Board "74"]
[TimeControl "180+1"]
[WhiteFideId "2209420"]
[BlackFideId "34164453"]
[WhiteElo "2274"]
[BlackElo "2483"]
[WhiteTeam "ESP"]
[BlackTeam "RUS"]
[WhiteClock "0:00:03"]
[BlackClock "0:00:42"]

1. d4 Nf6 2. c4 e6 3. Nf3 Bb4+ 4. Nc3 b6 5. e3 Bb7 6. Bd3 O-O 7. O-O Bxc3 8. bxc3 Ne4 9. Qc2 f5 10. Nd2 Nxd2 11. Bxd2 Qh4 12. f3 d6 13. a4 a5 14. e4 fxe4 15. fxe4 Nd7 16. Be3 Nf6 17. Bf2 Qh5 18. Bg3 Nd7 19. Qd2 e5 20. Qe3 Bc6 21. Bc2 Rae8 22. Rxf8+ Rxf8 23. Rf1 Rxf1+ 24. Kxf1 Qf7+ 25. Ke2 Qxc4+ 26. Qd3 Qa2 27. dxe5 Bxa4 28. exd6 Bxc2 29. Qd2 cxd6 30. Bxd6 Qc4+ 31. Ke3 Qxe4+ 0-1

[Event "January 9 Early 2024"]
[Site "https://www.chess.com"]
[Date "2024.01.11"]
[Round "8"]
[White "Sarkar, Justin"]
[Black "Gutierrez Olivares, Daniel"]
[Result "0-1"]
[Board "75"]
[TimeControl "180+1"]
[WhiteFideId "2010011"]
[BlackFideId "2264005"]
[WhiteElo "2299"]
[BlackElo "2481"]
[WhiteTeam "USA"]
[BlackTeam "ESP"]
[WhiteClock "0:00:02"]
[BlackClock "0:00:33"]

1. e4 e6 2. d4 d5 3. Nc3 Bb4 4. e5 Ne7 5. a3 Ba5 6. b4 Bb6 7. Na4 Nbc6 8. c3 Nf5 9. Bd3 f6 10. Bxf5 exf5 11. exf6 Qxf6 12. Ne2 Bd7 13. O-O g5 14. Ng3 O-O-O 15. Nxb6+ axb6 16. f4 h6 17. a4 Kb8 18. a5 b5 19. a6 b6 20. Qd3 Ne7 21. a7+ Kb7 22. Bd2 Ra8 23. Qe3 Nc8 24. fxg5 hxg5 25. Qxg5 Qxg5 26. Bxg5 Nd6 27. Be7 Nc4 28. Nxf5 Nd2 29. Rf4 Ne4 0-1

[Event "January 9 Early 2024"]
[Site "https://www.chess.com"]
[Date "2024.01.11"]
[Round "8"]
[White "Tarnowska, Aleksandra"]
[Black "Tilahun , Abel Mathewos"]
[Result "0-1"]
[Board "76"]
[TimeControl "180+1"]
[WhiteFideId "1180967"]
[BlackFideId "15702391"]
[WhiteElo "2178"]
[BlackElo "2041"]
[WhiteTeam "POL"]
[BlackTeam "ETH"]
[WhiteClock "0:00:01"]
[BlackClock "0:00:28"]

1. e4 e6 2. d4 d5 3. Nd2 Nc6 4. e5 Nxd4 5. Bd3 c5 6. c3 Nc6 7. Ne2 Nxe5 8. Bc2 Bd7 9. O-O Nf6 10. f4 Ng6 11. f5 exf5 12. Ng3 f4 13. Nh5 Nxh5 14. Qxh5 Be6 15. Bxg6 fxg6 16. Qe5 Qd6 17. Qe2 O-O-O 18. Nf3 Re8 19. Qb5 Bd7 20. Qa5 Kb8 21. Ng5 Qb6 22. Bxf4+ Ka8 23. Qa3 c4+ 24. Kh1 Bxa3 25. bxa3 Rhf8 0-1